 Dungeon Crawl Stone Soup version 0.27-a0-1105-g946c659c87 (webtiles) character file.

Game seed: 14279223113026904692

751 sanka the Skirmisher (level 7, -6/56 HPs)
             Began as a Djinni Wanderer on Apr 29, 2021.
             Mangled by an ice beast (12 damage)
             ... on level 6 of the Dungeon.
             The game lasted 00:08:48 (5438 turns).

sanka the Skirmisher (Djinni Wanderer)              Turns: 5438, Time: 00:08:49

Health: -6/56      AC:  5    Str: 11    XL:     7   Next: 78%
Gold:   179        EV: 12    Int: 17    God:
                   SH:  0    Dex: 11

rFire    + + .     SeeInvis .   k - +1 short sword (venom)
rCold    . . .     Faith    .   (no shield)
rNeg     . . .     Spirit   .   s - +2 robe {Will+}
rPois    ∞         Reflect  .   (no helmet)
rElec    .         Harm     .   v - +0 cloak
rCorr    .         Rampage  .   (no gloves)
Will     +....                  (boots unavailable)
Stlth    +.........             (no amulet)
HPRegen  0.18/turn              (no ring)
MPRegen  0.00/turn              e - ring of protection from cold

@: flying
A: fire resistance 2, cold vulnerability 1, float, innate caster, hp casting,
extra vitality 1
a: no special abilities


You were on level 6 of the Dungeon.
You visited 1 branch of the dungeon, and saw 6 of its levels.

You collected 179 gold pieces.


Innate Abilities, Weirdness & Mutations

You are immune to poison.
Your flesh is very heat resistant. (rF++)
You are vulnerable to cold. (rC-)
You float through the air rather than walking.
You learn spells naturally, not from books.
Your magical power is your life essence.
You have superior vitality. (+4 HP)


   Skills:
 + Level 6.1 Fighting
 - Level 1.5 Maces & Flails
 - Level 1.0 Bows
 - Level 2.0 Armour
 + Level 2.1 Dodging
 + Level 4.8 Spellcasting
 - Level 2.0 Evocations


You had 10 spell levels left.
You knew the following spells:

 Your Spells              Type           Power      Damage    Failure   Level
y - Foxfire               Conj/Fire      80%        2x1d8     1%          1
z - Call Imp              Summ           20%        N/A       3%          2
Z - Static Discharge      Conj/Air       20%        N/A       3%          2
Your spell library was empty.

Inventory:

Hand Weapons
 a - a +0 mace
 j - a +0 short sword of draining
 k - a +1 short sword of venom (weapon)
 u - the +4 mace of Abuse {flame, rElec rCorr Int-3}

   It has been specially enchanted to burn those struck by it, causing extra
   injury to most foes and up to half again as much damage against particularly
   susceptible opponents.
   It affects your intelligence (-3).
   It insulates you from electricity.
   It protects you from acid and corrosion.
 w - a +4 quarterstaff of chaos
Armour
 b - a +2 scale mail
 s - a +2 robe of willpower (worn)
 v - a +0 cloak (worn)
Jewellery
 e - a ring of protection from cold (right hand)
Scrolls
 d - a scroll of immolation {unknown}
 f - a scroll of vulnerability {unknown}
 h - 2 scrolls of blinking {unknown}
 i - a scroll of amnesia {unknown}
 m - 2 scrolls of enchant weapon {unknown}
 o - a scroll of teleportation {unknown}
 r - 2 scrolls of fog {unknown}
 t - a scroll of identify {unknown}
Potions
 g - 2 potions of haste {unknown}
 l - 2 potions of flight {unknown}
 n - a potion of curing {unknown}
 p - a potion of invisibility {unknown}
 q - 2 potions of might {unknown}
 x - a potion of degeneration {unknown}
Miscellaneous
 c - a piece from Xom's chessboard (15/15) (quivered)

Dungeon Overview and Level Annotations

Branches:
Dungeon (6/15)
 Temple: D:4-7

Altars:
Dithmenos
Elyvilon
Gozag
Makhleb
Nemelex Xobeh
Qazlal
Ru
Trog
Xom
The Shining One

Shops:
D:1 [[*

Annotations:
D:4 2 transporters, lagdotcom's ghost, novice GrBe

▒... ▒... ▒
..▒▒▒.... .
......... ▒.
.........
▒.▒▒........
▒...........
▒...)Y<.....
▒RK......
▒)K....▒.
▒..£...▒
....▒▒...
..▒▒▒ ..
...▒ . ....
.....


You could see an ice beast and 2 kobolds.


Message History

* * * LOW HITPOINT WARNING * * *
The lightning grounds out.
The ice beast is struck by an arc of lightning!
The ice beast is moderately wounded.
The lightning grounds out.
* * * LOW HITPOINT WARNING * * *
The kobold brigand hits you with a +0 whip.
* * * LOW HITPOINT WARNING * * *
The ice beast closely misses you.
Unknown command.
The kobold is struck by an arc of lightning!
You kill the kobold!
You are struck by an arc of lightning.
* * * LOW HITPOINT WARNING * * *
The lightning grounds out.
The kobold brigand is struck by an arc of lightning!
You kill the kobold brigand!
You are struck by an arc of lightning.
* * * LOW HITPOINT WARNING * * *
The lightning grounds out.
* * * LOW HITPOINT WARNING * * *
The ice beast closely misses you.
Your Dodging skill increases to level 2!
Unknown command.
The kobold hits you with a +0 short sword.
* * * LOW HITPOINT WARNING * * *
The ice beast hits you.
* * * LOW HITPOINT WARNING * * *
The ice beast freezes you!
You die...

Action                   |  1- 3 |  4- 6 |  7- 9 || total
-------------------------+-------+-------+-------++-------
Melee: Mace              |   119 |     1 |       ||   120
       Short sword       |       |   191 |    47 ||   238
 Cast: Call Imp          |       |     5 |     8 ||    13
       Foxfire           |       |     3 |     1 ||     4
       Static Discharge  |       |       |     4 ||     4
 Stab: Distracted        |       |       |     1 ||     1
       Paralysed         |       |       |     1 ||     1
Armor: Scale mail        |    90 |   102 |     3 ||   195
       Robe              |       |       |    12 ||    12
Dodge: Dodged            |    56 |    75 |    26 ||   157

Levels and vault maps discovered:
D:1:      dpeg_arrival_rhombus, layout_basic,
          shapermc_ecumenical_altar_starsandcircs, serial_shops, shop,
          nicolae_shop_window_shopping, nicolae_shop_waterfront
D:2:      layout_basic, serial_rivers, chequers_serial_rivers_marsh,
          chequers_serial_rivers_room_a, chequers_serial_rivers_small_b,
          chequers_serial_rivers_marsh
D:3:      layout_basic, lemuel_crystal_altar
D:4:      layout_loops_ring, grunt_temple_overflow_opulence, marbit_many_paths,
          chequers_temple_overflow_minitemple, gammafunk_ghost_mausoleum
D:5:      layout_cave_pools, tso_oasis_becter, lemuel_coloured_pillars_altar,
          nicolae_ru_great_annihilating_truth, cheibrodos_sewer_entry_bend,
          kennysheep_cluttered_room, uniq_crazy_yiuf_cottage, uniq_blork_the_orc
D:6:      layout_cave_pools, minmay_temple_entry_butterflies

Notes
Turn   | Place    | Note
-------+----------+-------------------------------------------
     0 | D:1      | sanka the Djinni Wanderer began the quest for the Orb.
     0 | D:1      | Reached XP level 1. HP: 20/20 MP: 0/0
    93 | D:1      | Reached XP level 2. HP: 24/25 MP: 0/0
   161 | D:1      | Found Dueffut's General Store.
   301 | D:1      | Reached skill level 4 in Fighting
   321 | D:1      | Found Ofrux's Armour Shop.
   333 | D:1      | Found Nuuxtask's Armour Shoppe.
   402 | D:1      | Reached XP level 3. HP: 30/31 MP: 0/0
   402 | D:1      | Learned a level 1 spell: Foxfire
   639 | D:1      | Found a faded altar of an unknown god.
   984 | D:2      | Reached skill level 1 in Spellcasting
  1335 | D:2      | Reached XP level 4. HP: 34/38 MP: 0/0
  1736 | D:3      | Reached skill level 2 in Spellcasting
  1936 | D:3      | Reached XP level 5. HP: 42/42 MP: 0/0
  1936 | D:3      | Learned a level 2 spell: Call Imp
  2314 | D:3      | Found a shadowy altar of Dithmenos.
  2445 | D:4      | Reached skill level 5 in Fighting
  2445 | D:4      | Reached skill level 3 in Spellcasting
  2445 | D:4      | Reached XP level 6. HP: 36/49 MP: 0/0
  2529 | D:4      | Found a white marble altar of Elyvilon.
  2633 | D:4      | Found a bloodstained altar of Trog.
  2633 | D:4      | Found a stormy altar of Qazlal.
  2720 | D:4      | Found a burning altar of Makhleb.
  2722 | D:4      | Found a faded altar of an unknown god.
  2724 | D:4      | Found a faded altar of an unknown god.
  2789 | D:4      | Found a transporter.
  2789 | D:4      | Noticed lagdotcom's ghost (novice GrBe)
  3146 | D:4      | Found a transporter.
  3200 | D:4      | Reached skill level 4 in Spellcasting
  3589 | D:4      | Found an opulent altar of Gozag.
  3589 | D:4      | Found a sparkling altar of Nemelex Xobeh.
  3763 | D:5      | Entered Level 5 of the Dungeon
  3773 | D:5      | Noticed Blork the orc
  4182 | D:4      | Reached XP level 7. HP: 43/54 MP: 0/0
  4182 | D:4      | Learned a level 2 spell: Static Discharge
  4268 | D:4      | Killed Blork the orc
  4670 | D:5      | Reached skill level 1 in Dodging
  4827 | D:5      | Found a sacrificial altar of Ru.
  4930 | D:5      | Reached skill level 6 in Fighting
  5024 | D:5      | Found a runed translucent door.
  5024 | D:5      | Identified the +4 mace of Abuse {flame, rElec rCorr Int-3}
  5029 | D:5      | Noticed Crazy Yiuf
  5052 | D:5      | Killed Crazy Yiuf
  5128 | D:5      | Found a shimmering altar of Xom.
  5421 | D:5      | Found a glowing golden altar of the Shining One.
  5438 | D:6      | Reached skill level 2 in Dodging
  5438 | D:6      | Mangled by an ice beast

Vanquished Creatures
  An ogre (D:4)
  A bullfrog (D:4)
  Blork the orc (D:4)
  A kobold brigand (D:6)
  A scorpion (D:4)
  A jelly (D:4)
  2 orc priests (D:3)
  A hound (D:5)
  4 orc wizards
  5 adders
  An ufetubus (D:4)
  2 adder skeletons (D:4)
  3 worms
  3 dart slugs (D:1)
  8 orcs
  6 ball pythons
  7 bats
  5 endoplasms
  2 giant cockroaches
  5 goblins
  3 hobgoblins
  6 jackals
  9 kobolds
  4 quokkas
  3 frilled lizards
  A jackal skeleton (D:4)
  2 rats
88 creatures vanquished.

Vanquished Creatures (collateral kills)
  A necrophage (D:5)
  Crazy Yiuf (D:5)
2 creatures vanquished.

Vanquished Creatures (others)
  8 foxfires
8 creatures vanquished.

Grand Total: 98 creatures vanquished
